 Dungeon Crawl Stone Soup version 0.23.2-33-g5129a83184 (webtiles) character file.

Game seed: 14324150039264970967

111 redwoodhats the Skirmisher (level 4, -5/41 HPs)
             Began as a Minotaur Abyssal Knight on July 9, 2019.
             Was a Believer of Lugonu.
             Slain by Ijyb
             ... wielding a +2 dagger of electrocution
              (16 damage)
             ... on level 3 of the Dungeon.
             The game lasted 00:06:26 (1913 turns).

redwoodhats the Skirmisher (MiAK)                   Turns: 1913, Time: 00:06:27

Health: -5/41      AC:  3    Str: 16    XL:     4   Next: 62%
Magic:  3/4        EV: 12    Int:  9    God:    Lugonu [**....]
Gold:   63         SH:  0    Dex: 11    Spells: 3/3 levels left

rFire    . . .     SeeInvis .   g - +1 whip (drain)
rCold    . . .     Gourm    .   (no shield)
rNeg     . . .     Faith    .   b - +0 leather armour
rPois    .         Spirit   .   (helmet restricted)
rElec    .         Reflect  .   (no cloak)
rCorr    .         Harm     .   (no gloves)
MR       .....                  (no boots)
Stlth    +.........             (no amulet)
HPRegen  0.13/turn              (no ring)
MPRegen  0.09/turn              (no ring)

@: no status effects
A: retaliatory headbutt, horns 2
a: Depart the Abyss, Bend Space, Renounce Religion


You were on level 3 of the Dungeon.
You worshipped Lugonu.
Lugonu was pleased with you.
You were not hungry.

You visited 1 branch of the dungeon, and saw 3 of its levels.
You visited the Abyss 1 time.

You collected 63 gold pieces.

Inventory:

Hand Weapons
 a - a +1 falchion
 g - a +1 whip of draining (weapon)
Armour
 b - a +0 leather armour (worn)
 j - a +0 pair of boots
Jewellery
 f - a +3 ring of dexterity {unknown}
Scrolls
 d - a scroll of noise {unknown}
 e - 5 scrolls of identify
 i - a scroll of remove curse
 k - a scroll of enchant armour {unknown}
 l - 2 scrolls of teleportation
 m - 2 scrolls of amnesia {unknown}
Potions
 h - 2 potions of berserk rage {unknown}
Comestibles
 c - 4 rations


   Skills:
 + Level 4.5 Fighting
 + Level 4.0 Long Blades
 + Level 1.2 Maces & Flails
 + Level 2.9 Armour
 + Level 1.9 Dodging
 + Level 0.7 Stealth
 + Level 1.9 Invocations


You had 3 spell levels left.
You didn't know any spells.
Your spell library was empty.

Dungeon Overview and Level Annotations

Branches:
Dungeon (3/15)

Altars:

Annotations:
D:3 Ijyb


Innate Abilities, Weirdness & Mutations

You reflexively headbutt those who attack you in melee.
You have a pair of horns on your head.


Message History

You headbutt the goblin!
You kill the goblin!
Lugonu accepts your kill.
You closely miss Ijyb.
Ijyb is moderately wounded.
Ijyb hits you with a +2 dagger of electrocution.
* * * LOW HITPOINT WARNING * * *
The goblin closely misses you. You furiously retaliate!
You headbutt the goblin!
You kill the goblin!
Lugonu accepts your kill. The goblin barely misses you.
You furiously retaliate!
You headbutt the goblin!
You kill the goblin!
Lugonu accepts your kill.
You closely miss Ijyb.
Ijyb is moderately wounded.
Ijyb hits you with a +2 dagger of electrocution.
* * * LOW HITPOINT WARNING * * *
You are electrocuted!
You die...

. .# .. . ##.# ##.# ###
#####.#### #.. ..
#.†g.)...# #.# #.
#.@g####.###.# #.
#.........#..# #.
#..##........# #.
#..##.##.....#####.
#..##.##.#.........
#..##.##.[†........
#..##.####...##..##
#######..##.###..........
8$8.8.8..##.......###..##


You could see Ijyb and a goblin.

Vanquished Creatures
  4 adders
  An ooze (D:2)
  A worm (D:2)
  5 leopard geckos
  A ball python (D:2)
  5 bats
  4 giant cockroaches
  9 goblins
  8 hobgoblins
  2 jackals (D:3)
  8 kobolds
  5 frilled lizards
  9 rats
62 creatures vanquished.

Notes
Turn   | Place    | Note
-------+----------+-------------------------------------------
     0 | Abyss:1  | redwoodhats the Minotaur Abyssal Knight began the quest for
                  | the Orb.
     0 | Abyss:1  | Reached XP level 1. HP: 19/19 MP: 1/1
    31 | Abyss:1  | Noticed a large abomination
    31 | Abyss:1  | Noticed a neqoxec
    32 | Abyss:1  | Noticed a large abomination
    33 | D:1      | Escaped the Abyss
   110 | D:1      | Reached XP level 2. HP: 15/27 MP: 2/2
   233 | D:1      | Reached * piety under Lugonu
   641 | D:1      | Reached XP level 3. HP: 26/34 MP: 3/3
  1345 | D:2      | Reached XP level 4. HP: 40/41 MP: 4/4
  1383 | D:2      | Reached ** piety under Lugonu
  1563 | D:2      | Reached skill level 1 in Maces & Flails
  1885 | D:3      | Noticed Ijyb
  1913 | D:3      | Slain by Ijyb

Skill      XL: |  1  2  3  4 |
---------------+-------------+-----
Fighting       | 4 |  4.5
Long Blades    | 3 4 |  4.0
Maces & Flails | 1 |  1.2
Armour         | |  2.9
Dodging        | |  1.9
Stealth        | |  0.7
Invocations    | |  1.9

Action                   |  1- 3 |  4- 6 || total
-------------------------+-------+-------++-------
Melee: Falchion          |    51 |       ||    51
       Headbutt          |     6 |     2 ||     8
       Whip              |    23 |    34 ||    57
Invok: Depart the Abyss  |     1 |       ||     1
       Bend Space        |       |     1 ||     1
  Use: Scroll            |     3 |     2 ||     5
       Potion            |     2 |     2 ||     4
  Eat: Ration            |     1 |       ||     1
Armor: Leather armour    |    28 |    13 ||    41
Dodge: Dodged            |    63 |    26 ||    89
       Rpst.: Falchion   |    14 |       ||    14
